 Dungeon Crawl Stone Soup version 0.30-a0-738-g116ff8c4af (webtiles) character file.

Game seed: 9577577187382689685

1444 timneilson the Shield-Bearer (level 8, 0/49 HPs)
             Began as a Gargoyle Fighter on Feb 3, 2023.
             Slain by a river rat (5 damage)
             ... summoned by Eustachio
             ... on level 6 of the Dungeon.
             The game lasted 00:09:43 (4818 turns).

timneilson the Shield-Bearer (Gargoyle Fighter)     Turns: 4818, Time: 00:09:44

Health: 0/49       AC: 20    Str: 23    XL:     8   Next: 74%
Magic:  8/8        EV:  8    Int:  8    God:
Gold:   382        SH:  5    Dex:  9    Spells: 7/7 levels left

rFire   . . .      SeeInvis +    a - +1 long sword
rCold   . . .      Faith    .    c - +0 buckler
rNeg    + . .      Spirit   .    t - +0 chain mail
rPois   ∞          Reflect  .    e - +0 helmet
rElec   +          Harm     .    (no cloak)
rCorr   .          Rampage  .    j - +1 pair of gloves
Will    .....                    m - +0 pair of boots Stlth
                                 (no amulet)
HPRegen 0.28/turn                f - ring of flight
MPRegen 0.11/turn                q - ring of see invisible

@: flying, studying Dodging
A: sickness immunity, AC +5, negative energy resistance 1, electricity
resistance, torment resistance 1, petrification resistance
a: no special abilities


You were on level 6 of the Dungeon.
You visited 1 branch of the dungeon, and saw 6 of its levels.

You collected 382 gold pieces.

Inventory:

Hand Weapons
 a - a +1 long sword (weapon)
Armour
 c - a +0 buckler (worn)
 e - a +0 helmet (worn)
 j - a +1 pair of gloves (worn)
 m - a +0 pair of boots (worn)
 t - a +0 chain mail (worn)
Jewellery
 f - a ring of flight (left hand)
 q - a ring of see invisible (right hand)
 w - a ring of resist corrosion
Wands
 r - a wand of flame (14)
Scrolls
 n - 5 scrolls of identify
Potions
 d - a potion of attraction
 g - 4 potions of flight
 h - a potion of mutation
 i - 2 potions of brilliance
 k - a potion of berserk rage
 o - 3 potions of lignification
 p - a potion of curing
 u - a potion of heal wounds
 v - 2 potions of invisibility


   Skills:
 + Level 5.0 Fighting
 * Level 4.9 Long Blades
 * Level 6.4 Armour
 + Level 3.3 Dodging
 * Level 6.5 Shields
 + Level 2.0 Evocations


You had 7 spell levels left.
You didn't know any spells.
Your spell library contained the following spells:

 Spells                   Type           Power      Damage    Failure   Level
 Ignite Poison            Fire/Tmut/Pois 0%         N/A       100%        3
 Kindle Blastsparks       Fire/Tloc/Air  0%         2d10      100%        3
 Animate Dead             Necr           0%         N/A       100%        4
 Freezing Cloud           Conj/Ice/Air   0%         6-21      100%        5
 Haunt                    Necr/Summ      0%         N/A       100%        7
 Infestation              Necr           0%         N/A       100%        8


Dungeon Overview and Level Annotations

Branches:
Dungeon (6/15)
 Temple: D:4-7

Altars:
Elyvilon
Ru
Sif Muna

Annotations:
D:6 Eustachio


Innate Abilities, Weirdness & Mutations

You are immune to sickness and miasma.
Your stone body is resilient. (AC +5)
You are immune to poison.
You resist negative energy. (rN+)
You are resistant to electric shocks. (rElec)
You are resistant to unholy torment.
You are immune to petrification.


Message History

The bat hits you but does no damage. The river rat closely misses you.
Unknown command.
You barely miss the bat.
The ufetubus disappears in a puff of smoke!
The bat closely misses you.
You completely miss the bat. The bat hits you.
Eustachio mumbles some strange words.
Eustachio blinks!
The river rat barely misses you. You block the rat's attack.
The bat hits you but does no damage.
You barely miss the bat. The bat hits you but does no damage.
The river rat bites you but does no damage.
The rat closely misses you.
You completely miss the crimson imp.
Eustachio gestures wildly while chanting.
Eustachio blinks!
The river rat bites you but does no damage.
You block the crimson imp's attack. The rat bites you but does no damage.
You barely miss the crimson imp.
You feel a little less mighty now. You block the river rat's attack.
The crimson imp hits you.
* * * LOW HITPOINT WARNING * * *
The iron imp disappears for a moment.
The rat bites you but does no damage.
The river rat bites you but does no damage.
You hit the rat.
You kill the rat!
The rat's corpse disappears in a puff of smoke!
The crimson imp barely misses you.
The river rat bites you but does no damage.
The crimson imp hits you.
* * * LOW HITPOINT WARNING * * *
The crimson imp attacks as you move away!
The crimson imp hits you but does no damage.
The river rat bites you!
* * * LOW HITPOINT WARNING * * *
The crimson imp blinks!
The bat hits you but does no damage. The river rat bites you.
* * * LOW HITPOINT WARNING * * *
The river rat attacks as you move away! The river rat bites you.
You die...

### #.##### #.#... #
#.... .# #.#.###.#
#.#.#...# #####.#)#.#.#
#...@rb...#.#########
#####5###5#)###.#.....##.
.........)#.# #.#.....##.
......†.5.#.###.#.....##.
......##..#.....#.....##.
..... .@.#...........##.
#..# ...##'#####........
#. ...# .. #.....†## #
..<.# #........


You could see an iron imp (summoned), a crimson imp (summoned), a river rat
(summoned) and a bat (summoned).

Vanquished Creatures
  Sigmund (D:3)
  Pargi (D:3)
  2 black bears
  An ogre (D:6)
  A centaur (D:4)
  A phantom (D:5)
  A scorpion (D:5)
  4 wights
  A howler monkey (D:6)
  3 hounds
  Jessica (D:3)
  An iguana (D:5)
  2 orc wizards
  Robin (D:2)
  4 gnolls
  8 adders
  3 worms
  A dart slug (D:2)
  13 orcs
  9 bats
  8 endoplasms
  4 giant cockroaches
  31 goblins
  8 hobgoblins
  6 jackals
  12 kobolds
  4 quokkas
  8 ball pythons
  6 frilled lizards
  6 rats
152 creatures vanquished.

Notes
Turn   | Place    | Note
-------+----------+-------------------------------------------
     0 | D:1      | timneilson the Gargoyle Fighter began the quest for the
                  | Orb.
     0 | D:1      | Reached XP level 1. HP: 14/14 MP: 1/1
   124 | D:1      | Reached XP level 2. HP: 15/19 MP: 2/2
   337 | D:1      | Reached XP level 3. HP: 23/23 MP: 3/3
   743 | D:2      | Reached XP level 4. HP: 27/28 MP: 4/4
   787 | D:2      | Noticed Robin
   814 | D:2      | Killed Robin
  1085 | D:2      | Reached skill level 1 in Dodging
  1122 | D:2      | Found a shimmering blue altar of Sif Muna.
  1463 | D:2      | Reached XP level 5. HP: 33/33 MP: 5/5
  1641 | D:3      | Noticed Pargi
  1681 | D:3      | Killed Pargi
  1682 | D:3      | Reached XP level 6. HP: 24/38 MP: 6/6
  1757 | D:3      | Noticed Jessica
  1771 | D:3      | Killed Jessica
  1869 | D:3      | Noticed Sigmund
  1884 | D:3      | Killed Sigmund
  1885 | D:3      | Reached skill level 5 in Armour
  1885 | D:3      | Reached skill level 5 in Shields
  1885 | D:3      | Reached XP level 7. HP: 28/43 MP: 7/7
  2243 | D:3      | HP: 1/43 [orc/+0 trident (4)]
  2717 | D:3      | Identified a scroll of acquirement
  2717 | D:3      | Acquired a manual of Dodging
  3045 | D:4      | Found a sacrificial altar of Ru.
  3692 | D:5      | Entered Level 5 of the Dungeon
  3748 | D:4      | HP: 1/44 [wight/+1 spear (4)]
  3864 | D:5      | Reached skill level 1 in Evocations
  4036 | D:4      | Paralysed by a centaur for 5 turns
  4044 | D:4      | Paralysed by a centaur for 4 turns
  4054 | D:4      | Reached XP level 8. HP: 16/48 MP: 8/8
  4360 | D:5      | Found a white marble altar of Elyvilon.
  4741 | D:6      | Reached skill level 5 in Fighting
  4784 | D:6      | Noticed Eustachio
  4818 | D:6      | Slain by a river rat

Illustrated notes

Levels and vault maps discovered:
D:1:      dpeg_arrival_tiny_h, layout_rooms
D:2:      layout_basic, basic_altar, minmay_joined_circles, uniq_robin
D:3:      layout_basic, minmay_pentangle, uniq_jessica, uniq_pargi, uniq_sigmund
D:4:      cheibrodos_old_hovel, layout_basic, nicolae_overflow_hidden_temple
D:5:      layout_cave_pools, lemuel_tele_altar, chequers_serial_rivers_micro_d
D:6:      layout_basic, mainiacjoe_overflow_alcove_4,
          nicolae_overflow_crystal_walls, mainiacjoe_overflow_cross_hatched,
          bloody_makhleb, minmay_ogre_servants, uniq_eustachio

Skill      XL: |  1  2  3  4  5  6  7  8 |
---------------+-------------------------+-----
Long Blades    | 2 3 4 |  4.9
Shields        | 4 5 6 |  6.5
Armour         | 4 5 6 |  6.4
Dodging        | 1 2 3 |  3.3
Fighting       | 4 5 |  5.0
Evocations     | 1 2 |  2.0

Action                     |  1- 3 |  4- 6 |  7- 9 || total
---------------------------+-------+-------+-------++-------
  Melee: Long sword        |   174 |   194 |   474 ||   842
  Evoke: Wand              |       |       |     1 ||     1
    Use: Scroll            |       |     8 |    10 ||    18
         Potion            |       |     4 |     2 ||     6
 Armour: Scale mail        |   128 |   113 |    83 ||   324
         Skin              |       |    55 |       ||    55
         Chain mail        |       |       |   345 ||   345
  Dodge: Dodged            |   102 |   108 |   216 ||   426
  Block: Buckler           |    54 |    39 |   129 ||   222

Table legend: (Time is in decaauts)
 A = Elapsed time spent in this place.
 B = Non-inter-level travel time spent in this place.
 C = Inter-level travel time spent in this place.
 D = Time resting spent in this place.
 E = Time spent auto-exploring this place.
 F = Levels seen in this place.
 G = Mean time per level.
                   A        B        C        D        E       F      G
               +--------+--------+--------+--------+--------+-----+--------+
         Total |   5051 |   4849 |    202 |    489 |   2621 |   6 |  841.8 |
       Dungeon |   5051 |   4849 |    202 |    489 |   2621 |   6 |  841.8 |
               +--------+--------+--------+--------+--------+-----+--------+

Top non-repeatable levels by time:
     D:3: 1419 daAuts
     D:4: 1138 daAuts
     D:2: 1053 daAuts
     D:5: 741 daAuts
     D:1: 539 daAuts
     D:6: 159 daAuts
